 Dungeon Crawl Stone Soup version 0.22-a0-148-gf2798f9f4d (webtiles) character file.

91756 MrRokkomies the Bewitcher (level 15, -22/84 HPs)
             Began as a Spriggan Enchanter on Feb 7, 2018.
             Was the Champion of Wu Jian.
             Blown up by an orb spider (33 damage)
             ... with an orb of destruction
             ... on level 1 of the Spider Nest.
             The game lasted 01:33:47 (28541 turns).

MrRokkomies the Bewitcher (Spriggan Enchanter)     Turns: 28541, Time: 01:33:48

Health: -22/84     AC: 12    Str:  4    XL:     15   Next: 55%
Magic:  11/16      EV: 26    Int: 23    God:    Wu Jian [******]
Gold:   432        SH: 14    Dex: 17    Spells: 7/27 levels left

rFire    . . .     SeeInvis +   a - +5 rapier "Baledon" {elec, +Blink MP-9 SInv Stlth+}
rCold    + . .     Gourm    .   f - +1 buckler
rNeg     . . .     Faith    .   A - +2 robe {rC+}
rPois    +         Spirit   .   (helmet restricted)
rElec    .         Reflect  +   j - +2 cloak
rCorr    .         Harm     .   (gloves unavailable)
MR       ++...                  (boots unavailable)
Stlth    ++++++....             N - +6 amulet of reflection
HPRegen  0.24/turn              k - ring of poison resistance
MPRegen  0.15/turn              z - +5 ring of protection

@: very quick
A: very small, unfitting armour, see invisible, herbivore, speed 3, slow
metabolism 2
a: Wall Jump, Serpent's Lash, Heavenly Storm, Renounce Religion, Evoke Blink


You were on level 1 of the Spider Nest.
You worshipped Wu Jian.
Wu Jian was exalted by your worship.
You were not hungry.

You visited 5 branches of the dungeon, and saw 25 of its levels.

You collected 2847 gold pieces.
You spent 2415 gold pieces at shops.

Inventory:

Hand Weapons
 a - the +5 rapier "Baledon" (weapon) {elec, +Blink MP-9 SInv Stlth+}
   (You bought it in a shop on level 2 of the Orcish Mines)

   Occasionally, upon striking a foe, it will discharge some electrical energy
   and cause terrible harm.
   It affects your magic capacity (-9).
   It lets you see invisible.
   It lets you blink.
   It makes you more stealthy.
 b - a +2 hunting sling of freezing
Missiles
 e - 2 throwing nets (quivered)
 D - 145 sling bullets
Armour
 f - a +1 buckler (worn)
 j - a +2 cloak (worn)
 A - a +2 robe of cold resistance (worn)
 K - +1 acid dragon scales
Jewellery
 k - a ring of poison resistance (left hand)
 l - a +4 ring of evasion
 m - an uncursed ring of protection from fire
 s - an uncursed ring of flight
 z - a +5 ring of protection (right hand)
 E - an uncursed amulet of regeneration
 N - a +6 amulet of reflection (around neck)
 O - an uncursed ring of protection from cold
 R - the ring of Vesifo {rC+ MP+9 Dex+4}
   (You bought it in a shop on level 15 of the Dungeon)

   [ring of magical power]

   It affects your dexterity (+4).
   It protects you from cold.
   It affects your magic capacity (+9).
Wands
 h - a wand of digging (16)
 p - a wand of clouds (7)
 r - a wand of disintegration (17)
 H - a wand of flame (30)
 I - a wand of acid (12)
Scrolls
 c - a scroll of amnesia
 i - 8 scrolls of remove curse
 q - 4 scrolls of blinking
 y - a scroll of magic mapping
 B - 7 scrolls of identify
 C - 9 scrolls of teleportation
 G - a scroll of summoning {unknown}
 J - 2 scrolls of silence
 M - a scroll of fear
Potions
 g - 7 potions of agility
 n - 6 potions of curing
 o - a potion of haste
 t - 3 potions of lignification
 u - a potion of flight
 v - a potion of brilliance
 w - 6 potions of resistance
 x - 2 potions of might
 F - 3 potions of berserk rage
 S - a potion of ambrosia
 T - a potion of cancellation
Comestibles
 d - 12 rations


   Skills:
 - Level 11.8 Fighting
 - Level 13.2 Short Blades
 - Level 5.0 Slings
 * Level 11.0 Dodging
 - Level 10.0 Stealth
 - Level 5.3 Shields
 * Level 6.5 Spellcasting
 - Level 16.0 Hexes
 - Level 6.0 Ice Magic
 - Level 6.2 Poison Magic


You had 7 spell levels left.
You knew the following spells:

 Your Spells              Type           Power        Failure   Level  Hunger
a - Confuse               Hex            ######..     1%          3    None
b - Ensorcelled Hibernat  Hex/Ice        ######       1%          2    None
c - Tukima's Dance        Hex            ######..     1%          3    None
d - Dazzling Spray        Conj/Hex       #####.       1%          3    None
e - Olgreb's Toxic Radia  Pois           #####...     7%          4    ###....
f - Mephitic Cloud        Conj/Pois/Air  ###.....     11%         3    None
g - Blink                 Tloc           N/A          14%         2    None


Dungeon Overview and Level Annotations

Branches:
Dungeon (15/15)            Temple (1/1) D:4            Lair (6/6) D:8
 Shoals (0/4) Lair:2       Spider (1/4) Lair:4        Slime (0/5) Lair:5
    Orc (2/2) D:12            Elf (0/3) Orc:2        Vaults (0/5) D:13
 Depths (0/5) D:15

Altars:
Ashenzari
Cheibriados
Dithmenos
Elyvilon
Fedhas
Gozag
Hepliaklqana
Kikubaaqudgha
Makhleb
Nemelex Xobeh
Okawaru
Qazlal
Ru
Sif Muna
Trog
Uskayaw
Vehumet
Wu Jian
Xom
Yredelemnul
Zin
The Shining One
Beogh
Jiyva

Shops:
D:4 *   D:7 %   D:12 *   D:15 =   Orc:1 =   Orc:2 !?(?

Annotations:
Lair:5 1 runed door


Innate Abilities, Weirdness & Mutations

You are very small and have problems with some larger weapons.
You are too small for most types of armour.
You have supernaturally acute eyesight. (SInv)
You are a herbivore.
You cover ground extremely quickly.
You need consume almost no food.


Message History

The orb spider is severely wounded.
You closely miss the wolf spider.
The wolf spider is almost dead.
The wolf spider hits you!
* * * LOW HITPOINT WARNING * * *
The wolf spider barely misses you.
You bump into the rock wall.
The wolf spider completely misses you.
The wolf spider bites you but does no damage.
The wolf spider hits you!!
* * * LOW HITPOINT WARNING * * *
The wolf spider completely misses you.
The orb spider begins to weave its threads into a brightly glowing ball.
You feel better. The wolf spider completely misses you.
The wolf spider bites you but does no damage.
The orb spider weaves a glowing orb of energy.
An orb of destruction comes into view.
You spin and attack the wolf spider.
You closely miss the wolf spider.
The wolf spider is almost dead.
The orb of destruction hits you!
You die...

......#.........#.†...#....
.........#.......†......#.
#####.....#.............#..#..
.#..#........#..#..............
.....#...........#...........#.
^...........#................#..
....#....(.#§s......#.......##...
.............§..#................
.........)†...§§@................
....#.#...†.....s.....#.#.......#
........†.....#..................
..#..#...........................
....#..................#.........
##.....#^..........†.............
.....#..#...............#....#.#.
........^...#...............#....
................(...#...........#


You could see a wolf spider (pinned) and an orb spider.

Vanquished Creatures
  Donald (Spider:1)
  The ghost of Roak the Grappler, a journeyman TrGl of Uskayaw (Orc:1)
  2 ice dragons (D:15)
  Fannar (Orc:1)
  A catoblepas (Lair:6)
  10 hydras
  5 ogre magi
  4 centaur warriors
  19 two-headed ogres
  A death yak (Lair:6)
  5 skeletal warriors (D:15)
  2 unseen horrors
  3 orc knights
  A wolf spider zombie (D:15)
  A wolf spider (shapeshifter) (D:15)
  3 oklob plants (Lair:3)
  An ugly thing (D:13)
  5 manticores
  2 wolf spiders (Spider:1)
  A deep elf mage (D:15)
  4 cyclopes
  4 elephants
  8 black mambas
  9 spiny frogs
  A gargoyle (D:14)
  5 rime drakes
  An efreet (D:13)
  9 komodo dragons
  A kobold demonologist (D:11)
  5 trolls
  7 polar bears
  2 jumping spiders (Spider:1)
  A merfolk (Lair:2)
  5 hornets
  5 blink frogs (Lair:6)
  A meliai zombie (D:12)
  8 hippogriffs
  A spriggan (shapeshifter) (D:14)
  A shadow (D:14)
  14 spriggans
  32 yaks
  4 basilisks
  14 redbacks (Spider:1)
  4 tarantellas (Spider:1)
  A wyvern (D:12)
  A yak (shapeshifter) (D:12)
  3 hungry ghosts
  A steam dragon (D:12)
  3 wargs
  A vampire mosquito (D:13)
  3 acid dragons
  A soldier ant (D:12)
  9 water moccasins
  7 porcupines
  3 ice beasts
  26 orc warriors
  4 phantoms
  4 sky beasts
  2 black bears
  2 eyes of draining
  4 necrophages
  35 ogres
  3 boggarts (Lair:6)
  22 wolves
  8 centaurs
  9 crocodiles
  8 big kobolds
  15 bullfrogs
  3 gnoll sergeants (D:12)
  2 wyvern skeletons
  2 scorpions
  8 killer bees
  5 howler monkeys (D:12)
  10 wights
  11 crimson imps
  3 bullfrog zombies
  5 centaur zombies
  4 hounds
  2 jellies
  12 orc priests
  2 centaur skeletons
  Crazy Yiuf (D:3)
  3 bullfrog skeletons
  An iguana (D:11)
  Natasha (twice) (D:4)
  15 worker ants
  10 orc wizards
  A killer bee zombie (D:8)
  A hound zombie (D:11)
  8 gnolls
  14 adders
  3 shadow imps
  An ooze (D:4)
  An adder skeleton (D:4)
  A worm (D:2)
  2 dart slugs
  5 leopard geckos
  87 orcs
  A giant cockroach (D:4)
  8 goblins
  6 hobgoblins
  2 jackals (D:7)
  3 quokkas
  A ball python (D:2)
  A ball python zombie (D:6)
  8 bats
  3 frilled lizards
  38 kobolds
  A quokka skeleton (D:4)
  5 rats
692 creatures vanquished.

Vanquished Creatures (collateral kills)
  3 two-headed ogres
  2 wights (D:7)
  An orc priest (D:8)
  A hound skeleton (D:9)
  2 gnolls (D:8)
  3 orcs
12 creatures vanquished.

Vanquished Creatures (others)
  A manticore (D:14)
  3 dancing weapons (D:8)
  A yak (D:14)
  A vampire mosquito (D:13)
  A centaur (D:14)
  An orc (Orc:1)
  15 fungi
  6 plants
29 creatures vanquished.

Grand Total: 733 creatures vanquished

Notes
Turn   | Place    | Note
-------+----------+-------------------------------------------
     0 | D:1      | MrRokkomies the Spriggan Enchanter began the quest for the Orb.
     0 | D:1      | Reached XP level 1. HP: 9/9 MP: 5/5
   584 | D:1      | Reached skill level 4 in Hexes
   584 | D:1      | Reached XP level 2. HP: 6/13 MP: 6/6
   588 | D:1      | Learned a level 2 spell: Ensorcelled Hibernation
   912 | D:1      | Reached XP level 3. HP: 7/16 MP: 0/8
  1476 | D:2      | Learned a level 3 spell: Confuse
  1823 | D:2      | Reached skill level 5 in Hexes
  1823 | D:2      | Reached XP level 4. HP: 20/21 MP: 4/9
  2153 | D:3      | You fall through a shaft for 3 floors!
  2240 | D:5      | Entered Level 5 of the Dungeon
  2240 | D:5      | Noticed a phantom
  2354 | D:4      | Found a staircase to the Ecumenical Temple.
  2360 | D:4      | Reached XP level 5. HP: 11/24 MP: 7/10
  2667 | Temple   | Entered the Ecumenical Temple
  2774 | Temple   | Became a worshipper of the Wu Jian Council
  3237 | D:3      | Reached skill level 6 in Hexes
  3345 | D:3      | Found a runed door.
  3449 | D:3      | Noticed Crazy Yiuf
  3452 | D:3      | Killed Crazy Yiuf
  3683 | D:3      | Found a basalt altar of Yredelemnul.
  3811 | D:4      | Found a hide-covered altar of Uskayaw.
  3811 | D:4      | Found a sparkling altar of Nemelex Xobeh.
  3839 | D:4      | Noticed Natasha
  3847 | D:4      | Killed Natasha
  3847 | D:4      | Reached XP level 6. HP: 28/28 MP: 8/11
  3891 | D:4      | Found Keocoh's Assorted Antiques.
  3897 | D:4      | Bought a crooked brass wand for 96 gold pieces
  3991 | D:4      | Found a shattered altar of Ashenzari.
  4116 | D:4      | Reached skill level 5 in Short Blades
  4336 | D:4      | Reached * piety under Wu Jian
  4612 | D:4      | Noticed Natasha
  4622 | D:4      | Killed Natasha
  4622 | D:4      | Reached skill level 7 in Hexes
  4954 | D:5      | Learned a level 3 spell: Tukima's Dance
  5137 | D:5      | Reached XP level 7. HP: 26/32 MP: 0/12
  5457 | D:6      | Found a glowing golden altar of the Shining One.
  5625 | D:6      | Found an iron altar of Okawaru.
  5638 | D:6      | Reached skill level 5 in Dodging
  6231 | D:7      | Found Mianaoha's Food Shop.
  6235 | D:7      | Noticed a hippogriff
  6243 | D:7      | Killed a hippogriff
  6243 | D:7      | Reached skill level 1 in Shields
  6243 | D:7      | Reached XP level 8. HP: 16/36 MP: 8/13
  6634 | D:7      | Found a stormy altar of Qazlal.
  7069 | D:7      | Found a blossoming altar of Fedhas.
  7144 | D:7      | Identified a scroll of acquirement
  7789 | D:8      | Noticed a two-headed ogre
  7796 | D:8      | Reached ** piety under Wu Jian
  7903 | D:8      | Killed a two-headed ogre
  7903 | D:8      | Reached skill level 10 in Dodging
  7903 | D:8      | Reached XP level 9. HP: 33/39 MP: 5/14
  8032 | D:8      | Found a burning altar of Makhleb.
  8036 | D:8      | Noticed a green death
  8038 | D:8      | Found a glowing silver altar of Zin.
  8038 | D:8      | Noticed an angel
  8069 | D:8      | Reached skill level 1 in Fighting
  8790 | D:8      | Noticed a two-headed ogre
  8805 | D:8      | Noticed an elephant
  8832 | D:8      | Killed a two-headed ogre
  8832 | D:8      | Reached skill level 5 in Shields
  8844 | D:8      | Found a staircase to the Lair.
  9489 | D:8      | Killed an elephant
  9867 | D:8      | Reached XP level 10. HP: 51/51 MP: 10/15
 10242 | Lair:1   | Entered Level 1 of the Lair of Beasts
 10597 | Lair:1   | Reached skill level 5 in Fighting
 11569 | Lair:2   | Reached skill level 10 in Short Blades
 11940 | Lair:2   | Noticed a six-headed hydra
 11957 | Lair:2   | Killed a six-headed hydra
 12018 | Lair:2   | Reached skill level 5 in Spellcasting
 12018 | Lair:2   | Reached XP level 11. HP: 54/58 MP: 15/19
 12109 | Lair:2   | Reached *** piety under Wu Jian
 12387 | Lair:2   | Found a staircase to the Shoals.
 12484 | Lair:3   | Reached skill level 1 in Ice Magic
 12623 | Lair:3   | Noticed an oklob plant
 12623 | Lair:3   | Noticed an oklob plant
 12623 | Lair:3   | Noticed an oklob plant
 12698 | Lair:3   | Learned a level 3 spell: Dazzling Spray
 12834 | Lair:3   | You fall through a shaft for 3 floors!
 12834 | Lair:6   | Entered Level 6 of the Lair of Beasts
 12915 | Lair:4   | Noticed an eight-headed hydra
 12923 | Lair:4   | Reached skill level 8 in Hexes
 13038 | Lair:4   | Found a hole to the Spider Nest.
 13134 | Lair:4   | Noticed a seven-headed hydra
 13142 | Lair:4   | Killed a seven-headed hydra
 13292 | Lair:4   | You fall through a shaft!
 13457 | Lair:4   | Killed an eight-headed hydra
 13457 | Lair:4   | Reached skill level 9 in Hexes
 14242 | Lair:5   | Found a runed door.
 14243 | Lair:5   | Found a viscous altar of Jiyva.
 14244 | Lair:5   | Found a staircase to the Slime Pits.
 14813 | Lair:6   | Reached skill level 10 in Hexes
 14813 | Lair:6   | Reached XP level 12. HP: 44/62 MP: 13/20
 14818 | Lair:6   | Reached skill level 5 in Ice Magic
 15012 | Lair:6   | Reached **** piety under Wu Jian
 15156 | Lair:6   | Reached skill level 11 in Hexes
 15184 | Lair:6   | Reached skill level 5 in Stealth
 15450 | Lair:6   | Found a sacrificial altar of Ru.
 15502 | Lair:6   | Noticed a catoblepas
 15502 | Lair:6   | Noticed a death yak
 15503 | Lair:6   | Noticed a death yak
 15503 | Lair:6   | Noticed a death yak
 15503 | Lair:6   | Noticed a death yak
 15504 | Lair:6   | Noticed a death yak
 15504 | Lair:6   | Noticed a death yak
 15699 | Lair:6   | Reached skill level 12 in Hexes
 15743 | Lair:6   | Killed a catoblepas
 15745 | Lair:6   | Killed a death yak
 16193 | Lair:6   | Noticed a seven-headed hydra
 16206 | Lair:6   | Killed a seven-headed hydra
 16705 | Lair:6   | Reached skill level 10 in Stealth
 16754 | Lair:6   | Reached skill level 1 in Slings
 16829 | Lair:6   | Reached XP level 13. HP: 67/67 MP: 19/21
 16913 | Lair:6   | Paralysed by a hornet for 2 turns
 16978 | Lair:6   | Reached ***** piety under Wu Jian
 17043 | Lair:6   | Reached skill level 5 in Slings
 17095 | Lair:6   | Learned a level 4 spell: Olgreb's Toxic Radiance
 17099 | Lair:6   | Learned a level 3 spell: Mephitic Cloud
 17263 | Lair:6   | Reached skill level 1 in Poison Magic
 18142 | D:9      | Found a deep blue altar of Sif Muna.
 18151 | D:9      | Found an ancient bone altar of Kikubaaqudgha.
 18160 | D:9      | Found a radiant altar of Vehumet.
 18467 | D:9      | Learned a level 2 spell: Blink
 18711 | D:10     | Entered Level 10 of the Dungeon
 18735 | D:10     | Found a roughly hewn altar of Beogh.
 19027 | D:10     | Reached ****** piety under Wu Jian
 19324 | D:10     | Reached skill level 5 in Poison Magic
 20966 | D:12     | Found a staircase to the Orcish Mines.
 21102 | D:12     | Found Palof's Assorted Antiques.
 21150 | D:12     | Got a smoking triple crossbow
 21151 | D:12     | Identified the +5 triple crossbow "Orb Guardian's Curse" {elec, rPois MP+9 Str+3} (You acquired it on level 12 of the Dungeon)
 21196 | D:12     | Reached skill level 10 in Fighting
 21203 | D:12     | Reached XP level 14. HP: 59/77 MP: 1/22
 21823 | Orc:1    | Entered Level 1 of the Orcish Mines
 21925 | Orc:1    | Noticed Roak's ghost (journeyman TrGl)
 21950 | Orc:1    | Killed Roak's ghost
 22063 | Orc:1    | Found Fucw's Jewellery Emporium.
 22107 | Orc:1    | Bought a +6 amulet of reflection for 819 gold pieces
 22728 | Orc:1    | Noticed Fannar
 22780 | Orc:1    | Killed Fannar
 22780 | Orc:1    | Reached skill level 13 in Hexes
 22979 | Orc:2    | Entered Level 2 of the Orcish Mines
 23053 | Orc:2    | Found Seijod's Distillery.
 23053 | Orc:2    | Found Igyad's Antique Weapon Shop.
 23054 | Orc:2    | Found Titril's Magic Scroll Shoppe.
 23054 | Orc:2    | Found Jyot's Magic Scroll Shop.
 23088 | Orc:2    | Found a staircase to the Elven Halls.
 23117 | Orc:2    | Reached skill level 14 in Hexes
 23680 | Orc:2    | Bought a polished rapier for 324 gold pieces
 23680 | Orc:2    | Identified the +5 rapier "Baledon" {elec, +Blink MP-9 SInv Stlth+} (You bought it in a shop on level 2 of the Orcish Mines)
 23683 | Orc:2    | Bought 2 scrolls of enchant weapon for 240 gold pieces
 24176 | D:13     | HP: 2/79 [acid (14)]
 25010 | D:14     | Found a blossoming altar of Fedhas.
 25676 | D:13     | Reached skill level 15 in Hexes
 25701 | D:13     | Reached XP level 15. HP: 84/84 MP: 9/23
 25850 | D:13     | Found a gate to the Vaults.
 26216 | D:15     | Entered Level 15 of the Dungeon
 27075 | D:15     | Found Bungeirch's Jewellery Shoppe.
 27081 | D:15     | Bought the ring of Vesifo {rC+ MP+9 Dex+4} for 636 gold pieces
 27357 | D:15     | Found a staircase to the Depths.
 27442 | D:15     | Reached skill level 16 in Hexes
 27811 | D:15     | Bought an uncursed ring of poison resistance for 300 gold pieces
 28305 | Spider:1 | Entered Level 1 of the Spider Nest
 28506 | Spider:1 | Noticed Donald
 28524 | Spider:1 | Killed Donald
 28534 | Spider:1 | HP: 3/84 [wolf spider (20)]
 28541 | Spider:1 | Blown up by an orb spider

Vault maps used:
D:1:      eino_arrival_water_cross
D:3:      lemuel_doored_altar, uniq_crazy_yiuf_cottage
D:4:      nicolae_ashenzari_panopticon, gammafunk_temple_overflow_wave,
          minmay_temple_entry_trees, serial_shops, kennysheep_little_box,
          uniq_natasha
D:5:      first_ration, serial_bayou_ford_a
D:6:      old_standard_altar, tso_altar, serial_corexii_hall,
          corexii_hall_statues_l, corexii_hall_statues_i
D:7:      lemuel_coloured_pillars_altar, basic_altar, serial_shops, shop
D:8:      grunt_temple_overflow_order_and_chaos_2, david_lair_generic
D:9:      palyth_temple_overflow_mages
D:10:     special_room
D:11:     hangedman_stone_soup, minmay_misc_feat_pillars, fountainhead
D:12:     kennysheep_orc_monster_closet_entryway, serial_shops, shop,
          serial_bayou_pond_a
D:13:     david_vaults_2
D:14:     minmay_misc_feat_plants, fedhas_altar_1
D:15:     grunt_enter_depths_hoard, serial_bayou_shore_b, serial_shops, shop
Temple:   compressed_dpeg_circular_temple
Lair:2:   elwin_shoals_entry_rooms
Lair:3:   dpeg_oklob_gauntlet, small_statue_intersection, minivault_19
Lair:4:   spider_nest_entry_web_field, infiniplex_staircase_pool
Lair:5:   slime_altar_2
Lair:6:   minmay_lair_end_enchanted_forest, basic_altar, grunt_megastairs_5,
          lemuel_fruit_fields
Spider:1: uniq_donald
Orc:1:    serial_shops, shop_statue, uniq_fannar
Orc:2:    st_orc_ogre_mass

Skill      XL: |  1  2  3  4  5  6  7  8  9 10 11 12 13 14 15 |
---------------+----------------------------------------------+-----
Hexes          | 4 5 6 7 10 12 15 16 | 16.0
Short Blades   | 2 3 4 5 7 8 10 12 13 | 13.2
Dodging        | 7 10 11 | 11.0
Shields        | 1 3 5 |  5.3
Fighting       | 4 6 7 10 11 | 11.8
Spellcasting   | 5 6 |  6.5
Ice Magic      | 4 6 |  6.0
Stealth        | 10 | 10.0
Slings         | 2 5 |  5.0
Poison Magic   | 6 |  6.2

Action                   |  1- 3 |  4- 6 |  7- 9 | 10-12 | 13-15 || total
-------------------------+-------+-------+-------+-------+-------++-------
Melee: Dagger            |   138 |   205 |   373 |   814 |  1285 ||  2815
       Hunting sling     |       |       |     4 |       |       ||     4
       Rapier            |       |       |       |       |   614 ||   614
 Fire: Hunting sling     |       |       |    50 |    19 |    12 ||    81
Throw: Throwing net      |       |       |     2 |     2 |       ||     4
 Cast: Ensorcelled Hiber |    11 |    25 |    51 |    81 |    21 ||   189
       Confuse           |       |     3 |    14 |    31 |    48 ||    96
       Tukima's Dance    |       |       |    23 |     1 |    19 ||    43
       Dazzling Spray    |       |       |       |    13 |     3 ||    16
       Olgreb's Toxic Ra |       |       |       |       |    15 ||    15
       Mephitic Cloud    |       |       |       |       |     2 ||     2
Invok: Lunge             |       |    12 |    19 |    36 |   106 ||   173
       Whirlwind         |       |       |    58 |   133 |   453 ||   644
       Wall Jump         |       |       |     5 |     1 |     6 ||    12
       Heavenly Storm    |       |       |       |       |     1 ||     1
Evoke: Wand              |       |       |     1 |     1 |       ||     2
  Use: Scroll            |     4 |    11 |     3 |     7 |    15 ||    40
       Potion            |       |       |     1 |       |     5 ||     6
 Stab: Sleeping          |    14 |    29 |    25 |    42 |    51 ||   161
       Distracted        |     2 |       |       |     2 |     2 ||     6
       Confused          |       |       |    12 |    20 |    29 ||    61
       Petrified         |       |       |       |     2 |       ||     2
       Invisible         |       |       |       |       |     5 ||     5
  Eat: Ration            |       |     2 |     6 |     6 |    10 ||    24
Armor: Robe              |    20 |    19 |    17 |    29 |   105 ||   190
Dodge: Dodged            |    99 |    89 |   260 |   392 |   804 ||  1644
Block: Buckler           |    34 |    29 |   102 |   197 |   554 ||   916
       Reflection        |       |       |       |       |    22 ||    22

Table legend:
 A = Spawn XP
 B = Non-spawn XP
 C = Spawn XP percentage of total XP
 D = Spawn monster count
 E = Non-spawn monster count
 F = Spawn count percentage of total count
 G = Total turns spent on level
                    A         B        C        D         E        F      G
               +---------+---------+-------+---------+---------+-------+---------
         Total |       0 |  131081 |   0.0 |       0 |     709 |   0.0 | 28541
               +---------+---------+-------+---------+---------+-------+---------
           D:1 |       0 |      49 |   0.0 |       0 |      21 |   0.0 |  1424
           D:2 |       0 |      81 |   0.0 |       0 |      21 |   0.0 |   752
           D:3 |       0 |      78 |   0.0 |       0 |      13 |   0.0 |   791
           D:4 |       0 |     413 |   0.0 |       0 |      20 |   0.0 |  1579
           D:5 |       0 |     290 |   0.0 |       0 |       7 |   0.0 |   805
           D:6 |       0 |     359 |   0.0 |       0 |      10 |   0.0 |   832
           D:7 |       0 |    1186 |   0.0 |       0 |      21 |   0.0 |  1768
           D:8 |       0 |    3328 |   0.0 |       0 |      32 |   0.0 |  2301
           D:9 |       0 |    1792 |   0.0 |       0 |      16 |   0.0 |   724
          D:10 |       0 |    5245 |   0.0 |       0 |      88 |   0.0 |  1062
          D:11 |       0 |    3206 |   0.0 |       0 |      26 |   0.0 |  1097
          D:12 |       0 |    8763 |   0.0 |       0 |      61 |   0.0 |  1155
          D:13 |       0 |    8707 |   0.0 |       0 |      20 |   0.0 |   562
          D:14 |       0 |    8456 |   0.0 |       0 |      37 |   0.0 |  1661
          D:15 |       0 |   13371 |   0.0 |       0 |      34 |   0.0 |  1322
        Lair:1 |       0 |    2974 |   0.0 |       0 |      15 |   0.0 |  1225
        Lair:2 |       0 |    2779 |   0.0 |       0 |      10 |   0.0 |  1068
        Lair:3 |       0 |    5135 |   0.0 |       0 |      17 |   0.0 |  1125
        Lair:4 |       0 |    5564 |   0.0 |       0 |      20 |   0.0 |  1214
        Lair:5 |       0 |    2919 |   0.0 |       0 |       9 |   0.0 |  1118
        Lair:6 |       0 |   23437 |   0.0 |       0 |      89 |   0.0 |  2338
      Spider:1 |       0 |    7474 |   0.0 |       0 |      23 |   0.0 |   236
         Orc:1 |       0 |    6310 |   0.0 |       0 |      41 |   0.0 |  1350
         Orc:2 |       0 |   19165 |   0.0 |       0 |      58 |   0.0 |   909
               +---------+---------+-------+---------+---------+-------+---------
